 Dungeon Crawl Stone Soup version 0.26.0-8-g74fc34ddfb (webtiles) character file.

Game seed: 9473507721482364954

79 raceaflais the Chiller (level 4, -1/30 HPs)
             Began as a Human Ice Elementalist on Jan 12, 2021.
             Slain by a shadow imp (3 damage)
             ... summoned by Natasha
             ... on level 2 of the Dungeon.
             The game lasted 00:03:52 (2871 turns).

raceaflais the Chiller (Human Ice Elementalist)     Turns: 2871, Time: 00:03:53

Health: -1/30      AC:  2    Str:  8    XL:     4   Next: 64%
Magic:  2/8        EV: 12    Int: 16    God:
Gold:   47         SH:  0    Dex: 14    Spells: 8/9 levels left

rFire    . . .     SeeInvis .   c - +0 short sword
rCold    . . .     Faith    .   (no shield)
rNeg     . . .     Spirit   .   a - +0 robe
rPois    .         Reflect  .   (no helmet)
rElec    .         Harm     .   (no cloak)
rCorr    .         Rampage  .   (no gloves)
Will     .....                  (no boots)
Stlth    ++........             (no amulet)
HPRegen  0.10/turn              (no ring)
MPRegen  0.11/turn              (no ring)

@: mighty, lethally poisoned (-1 -> -7)
A: no striking features
a: no special abilities


You were on level 2 of the Dungeon.
You visited 1 branch of the dungeon, and saw 2 of its levels.

You collected 47 gold pieces.

Inventory:

Hand Weapons
 c - a +0 short sword (weapon)
Armour
 a - a +0 robe (worn)
Jewellery
 f - an uncursed ring of protection from fire {unknown}
Scrolls
 b - a scroll of fear {unknown}
 d - a scroll of enchant armour {unknown}
 h - a scroll of identify {unknown}
 j - a scroll of random uselessness


   Skills:
 + Level 0.3 Short Blades
 + Level 2.1 Dodging
 + Level 2.2 Stealth
 + Level 3.0 Spellcasting
 + Level 4.9 Ice Magic


You had 8 spell levels left.
You knew the following spells:

 Your Spells              Type           Power        Failure   Level
a - Freeze                Ice            72%          2%          1

Your spell library contained the following spells:

 Spells                   Type           Power        Failure   Level
 Frozen Ramparts          Ice            36%          8%          3
 Ozocubu's Armour         Ice            18%          8%          3
 Hailstorm                Conj/Ice       10%          56%         4
 Summon Ice Beast         Ice/Summ       10%          56%         4


Dungeon Overview and Level Annotations

Branches:
Dungeon (2/15)

Altars:
Ashenzari

Annotations:
D:2 Natasha


Message History

You feel sick.
Natasha casts a spell.
The adder bites you.
You are more poisoned.
The adder poisons you!
You feel sick.
Natasha mewls in sadness.
Natasha casts a spell at you. The magic dart hits you!
* * * LOW HITPOINT WARNING * * *
* * * LOW HITPOINT WARNING * * *
You feel sick. The adder bites you.
* * * LOW HITPOINT WARNING * * *
* * * LOW HITPOINT WARNING * * *
You feel sick.
As you read the scroll labelled NUWITT CUMYPT, it crumbles to dust.
The dust glows gleaming pink!
It was a scroll of random uselessness.
* * * LOW HITPOINT WARNING * * *
You feel sick. The adder bites you but does no damage. The shadow imp hits you.
You die...

###.........††...#
................#
#..............#
###..............#
##....#..#.5...(...# ##
....#.#..#.........# ##..
....#.#.h..........#
#..####......S...###.##.#
####.#.........@5##.# .#
.#
##......##......).######.#
#
...#..##.................#
.........................#
.......<.....#.....).....#
........†........).......#
..<..####.####.......<...#
.....##.....##...........#
.....#.(.....#...........#


You could see Natasha, an adder and 2 shadow imps.

Vanquished Creatures
  3 adders (D:2)
  2 worms (D:2)
  2 dart slugs
  2 leopard geckos (D:2)
  A ball python (D:1)
  4 bats
  4 giant cockroaches (D:1)
  4 hobgoblins
  4 jackals (D:1)
  4 frilled lizards
  4 goblins (D:1)
  4 kobolds
  2 rats (D:1)
40 creatures vanquished.

Notes
Turn   | Place    | Note
-------+----------+-------------------------------------------
     0 | D:1      | raceaflais the Human Ice Elementalist began the quest for
                  | the Orb.
     0 | D:1      | Reached XP level 1. HP: 13/13 MP: 3/3
   798 | D:1      | Reached XP level 2. HP: 19/19 MP: 1/5
  1468 | D:1      | Reached XP level 3. HP: 18/24 MP: 2/6
  2203 | D:2      | Found a broken altar of Ashenzari.
  2347 | D:2      | Reached XP level 4. HP: 18/30 MP: 0/8
  2853 | D:2      | Noticed Natasha
  2871 | D:2      | Slain by a shadow imp

Illustrated notes

Levels and vault maps discovered:
D:1:      grunt_arrival_crossed_arrows, layout_loops_corners
D:2:      layout_rooms, makhleb_heckhound_becter, old_standard_altar,
          ashenzari_altar_1, uniq_natasha

Skill      XL: |  1  2  3  4 |
---------------+-------------+-----
Spellcasting   | 3 |  3.0
Short Blades   | |  0.3
Dodging        | |  2.1
Stealth        | |  2.2
Ice Magic      | |  4.9

Action                   |  1- 3 |  4- 6 || total
-------------------------+-------+-------++-------
Melee: Unarmed           |     8 |       ||     8
       Short sword       |    10 |    30 ||    40
 Cast: Freeze            |    52 |    10 ||    62
  Use: Potion            |       |     4 ||     4
       Scroll            |       |     1 ||     1
Armor: Robe              |    19 |     7 ||    26
       Skin              |       |    39 ||    39
Dodge: Dodged            |    36 |    18 ||    54
